Map: [ESL] Blackburn

Players

Spirit - Winner!

  • Race: Terran Terran

Nice

  • Race: Protoss Protoss

Event: IEM Katowice 2022

VOD

Have the link to the VOD?

Description

Time

  • Played on: Feb. 23, 2022, 12:43 p.m.
  • Length: 10:59

All games in this series

Show
View Real Time Build Order
Export as new Build Order

Spirit Terran - Winner!

Build Orders:  

Get SALT Encoding   

  12  0:00  SCV  
  13  0:12  SCV  
  14  0:17  Supply Depot  
  14  0:24  SCV  
  15  0:39  SCV  
  16  0:44  Barracks  
  16  0:48  Refinery  
  16  0:51  SCV  
  17  1:03  SCV  
  18  1:15  SCV  
  19  1:31  Marine  
  19  1:32  Orbital Command  
  20  1:45  Command Center  
  20  1:58  SCV  
  20  2:00  Barracks Reactor  
  21  2:04  Supply Depot  
  21  2:10  SCV  
  21  2:14  Factory  
  22  2:18  Bunker  
  22  2:22  SCV  
  23  2:34  SCV  
  23  2:36  Marine x2  
  26  2:46  SCV  
  27  2:54  Marine x2  
  29  2:59  Orbital Command  
  29  3:01  Hellion  
  29  3:03  SCV  
  32  3:15  SCV  
  33  3:20  Marine x2  
  33  3:23  Widow Mine  
  33  3:25  SCV  
  38  3:28  SCV  
  39  3:37  SCV, Command Center  
  39  3:38  Marine  
  39  3:40  Marine  
  42  3:41  SCV  
  42  3:44  Widow Mine  
  42  3:46  Supply Depot  
  45  3:49  SCV  
  45  3:54  Refinery  
  46  4:02  SCV  
  46  4:05  Marine  
  46  4:07  SCV, Marine  
  46  4:14  SCV  
  46  4:15  Factory Tech Lab  
  46  4:19  SCV  
  46  4:23  Marine  
  48  4:26  SCV  
  48  4:28  Marine  
  48  4:31  SCV  
  48  4:38  SCV  
  48  4:41  Marine  
  48  4:43  SCV, Siege Tank  
  54  4:50  SCV  
  55  4:52  Orbital Command  
  55  4:53  Engineering Bay  
  55  4:55  SCV  
  55  4:59  Marine  
  54  5:02  SCV  
  56  5:07  SCV  
  56  5:08  Marine  
  57  5:15  SCV, Siege Tank  
  57  5:19  SCV  
  57  5:20  SCV  
  59  5:24  Barracks x2  
  59  5:27  SCV  
  60  5:31  Marine  
  60  5:32  SCV x2  
  56  5:39  SCV  
  54  5:44  SCV  
  54  5:46  Bunker  
  54  5:47  Marine  
  54  5:48  Marine, Siege Tank  
  60  5:52  SCV  
  60  5:53  SCV  
  60  5:56  SCV  
  59  6:04  SCV  
  59  6:05  Marine  
  60  6:13  Marine  
  60  6:16  SCV x2  
  62  6:20  Siege Tank  
  62  6:22  SCV  
  62  6:23  Marine  
  62  6:24  Missile Turret  
  67  6:27  Refinery x2, Barracks Tech Lab  
  67  6:31  SCV, Marine  
  69  6:36  Supply Depot x2  
  69  6:39  Barracks Tech Lab  
  70  6:42  Terran Infantry Weapons Level 1  
  70  6:43  SCV  
  70  6:46  Supply Depot, Starport  
  71  6:50  Marine x2  
  71  6:51  Stimpack  
  71  6:54  Marine  
  73  6:55  SCV x2  
  73  6:58  Combat Shield  
  74  7:04  Marauder  
  74  7:08  Marine x2  
  77  7:11  Marine  
  77  7:13  Barracks x2  
  79  7:17  SCV  
  80  7:22  Starport Reactor  
  80  7:24  SCV  
  80  7:26  Marine x2, Marauder  
  80  7:29  SCV  
  88  7:30  Marauder  
  88  7:33  Orbital Command  
  88  7:35  Supply Depot x2  
  88  7:37  Siege Tank  
  88  7:38  SCV  
  92  7:44  Marine  
  92  7:47  SCV, Marauder  
  98  7:51  Marauder  
  98  7:55  SCV  
  99  7:59  Marine  
  99  8:01  Medivac  
  99  8:02  Medivac  
  99  8:03  Marine  
  105  8:07  SCV x2  
  105  8:08  SCV  
  105  8:09  Marauder  
  105  8:12  Barracks Reactor  
  111  8:13  Barracks Tech Lab, Marauder  
  111  8:17  Concussive Shells  
  111  8:19  SCV x2  
  112  8:20  SCV  
  112  8:23  Marine  
  112  8:25  Marine  
  113  8:29  Marine  
  113  8:31  SCV, Medivac  
  113  8:32  SCV, Marine  
  113  8:33  Marine  
  117  8:36  Medivac  
  117  8:38  SCV  
  111  8:41  Marine  
  111  8:43  SCV, Marine  
  111  8:44  SCV  
  111  8:47  Marine  
  113  8:48  Marine x2  
  113  8:50  Widow Mine, Marine  
  113  8:51  SCV, Marine  
  117  8:56  Terran Infantry Armor Level 1  
  117  8:57  Supply Depot x2  
  117  8:59  Marine  
  117  9:01  Marine, Medivac  
  121  9:05  SCV, Marine, Medivac  
  125  9:13  Refinery x2  
  125  9:15  Supply Depot x2, Bunker  
  125  9:18  SCV, Marine  
  125  9:19  Widow Mine  
  125  9:22  SCV x2  
  131  9:31  Medivac  
  133  9:32  Supply Depot  
  133  9:33  SCV  
  133  9:35  Medivac  
  133  9:37  Marine x2, Marauder x2  
  133  9:38  Marine  
  143  9:40  Widow Mine  
  143  9:42  Marine x2  
  146  9:50  SCV x2  
  148  9:53  Ghost Academy  
  148  9:55  SCV, Marine x3  
  148  9:58  Marine  
  148  9:59  Marauder, Marine  
  155  10:01  Marine  
  156  10:13  Marine x3  
  159  10:14  SCV  
  159  10:17  Marauder, Marine  
  159  10:19  Marine  
  164  10:21  Marauder  
  164  10:25  Medivac  
  164  10:27  Widow Mine  
  162  10:30  Marine  
  162  10:31  Marine x2  
  162  10:35  Marine  
  151  10:37  Marauder  
Show
View Real Time Build Order
Export as new Build Order

Nice Protoss 

Build Orders: 1 Gate Expand, Mass Adepts 

Get SALT Encoding   

  12  0:00  Probe  
  13  0:12  Probe  
  14  0:18  Pylon  
  14  0:24  Probe (Chrono Boost)  
  15  0:37  Probe (Chrono Boost)  
  15  0:40  Gateway  
  16  0:44  Probe (Chrono Boost)  
  17  0:52  Probe  
  18  0:58  Assimilator  
  18  1:04  Probe  
  19  1:16  Probe  
  20  1:30  Cybernetics Core  
  20  1:38  Nexus  
  20  1:44  Pylon  
  20  1:51  Assimilator  
  20  1:53  Probe  
  21  2:03  Adept (Chrono Boost)  
  21  2:05  Pylon, Probe  
  21  2:06  Warp Gate (Chrono Boost)  
  24  2:18  Probe  
  25  2:23  Adept (Chrono Boost)  
  27  2:30  Probe  
  27  2:31  Gateway  
  28  2:42  Probe  
  29  2:46  Adept  
  31  2:53  Gateway  
  31  3:01  Probe  
  31  3:02  Probe  
  33  3:09  Pylon  
  33  3:14  Probe x2  
  35  3:26  Probe x2  
  37  3:28  Assimilator  
  37  3:38  Probe x2  
  39  3:44  Adept  
  39  3:45  Adept  
  39  3:48  Adept  
  45  3:50  Pylon, Probe (Chrono Boost)  
  45  3:52  Probe (Chrono Boost)  
  45  3:53  Pylon  
  47  4:02  Probe (Chrono Boost)  
  49  4:06  Probe (Chrono Boost)  
  41  4:14  Adept x3  
  41  4:15  Probe x2  
  45  4:18  Twilight Council  
  45  4:25  Pylon  
  45  4:27  Probe x2  
  47  4:41  Adept x3  
  47  4:42  Probe  
  53  4:46  Probe  
  51  5:04  Stalker x3  
  51  5:05  Probe  
  54  5:09  Blink (Chrono Boost)  
  54  5:10  Probe  
  54  5:12  Nexus  
  54  5:17  Probe  
  53  5:22  Probe  
  49  5:29  Probe  
  49  5:34  Probe  
  45  5:39  Adept x3  
  45  5:41  Probe  
  50  5:46  Pylon, Probe  
  51  5:53  Probe  
  50  5:58  Probe  
  50  6:00  Sentry  
  50  6:02  Forge  
  50  6:04  Stalker x2  
  55  6:05  Probe  
  55  6:10  Probe  
  59  6:17  Probe  
  58  6:22  Probe  
  59  6:27  Probe  
  59  6:30  Probe, Protoss Ground Weapons Level 1 (Chrono Boost)  
  59  6:34  Probe  
  59  6:38  Forge  
  59  6:39  Probe  
  61  6:42  Probe  
  61  6:44  Charge (Chrono Boost)  
  61  6:46  Probe  
  63  6:49  Nexus  
  63  6:51  Probe  
  63  6:52  Pylon  
  63  6:54  Probe  
  65  6:58  Probe  
  66  7:03  Probe  
  66  7:05  Protoss Ground Armor Level 1 (Chrono Boost)  
  66  7:06  Probe  
  66  7:07  Zealot x3  
  74  7:11  Probe  
  74  7:14  Pylon  
  75  7:15  Probe  
  75  7:17  Pylon  
  75  7:18  Gateway, Probe  
  75  7:19  Gateway  
  77  7:23  Probe  
  77  7:25  Pylon  
  77  7:28  Gateway, Probe  
  79  7:30  Probe  
  79  7:31  Templar Archives  
  79  7:35  Probe  
  81  7:37  Gateway  
  81  7:40  Probe  
  81  7:42  Probe  
  83  7:44  Gateway  
  83  7:47  Probe  
  83  7:48  Gateway  
  83  7:51  Stalker  
  86  7:52  Probe  
  86  7:54  Probe  
  86  7:55  Gateway  
  86  8:01  Stalker  
  86  8:02  Stalker  
  86  8:05  Probe x3  
  91  8:13  Zealot x3  
  91  8:16  Pylon  
  91  8:17  Pylon  
  93  8:30  Zealot x3  
  88  8:45  Probe x3  
  88  8:46  Pylon, Zealot x6  
  83  8:55  Zealot x3  
  83  9:00  Nexus  
  83  9:02  Probe x4  
  93  9:09  Zealot x3  
  99  9:14  Zealot, Probe  
  99  9:15  Probe  
  99  9:20  Probe x2  
  93  9:28  Zealot x4  
  102  9:32  Stalker x2  
  102  9:37  Nexus  
  105  9:43  Stalker  
  105  9:44  Stalker  
  107  9:49  Probe x3  
  107  9:50  Shield Battery, Probe  
  111  9:55  Assimilator  
  111  9:57  Zealot x4  
  114  10:11  Zealot x3  
  114  10:12  Zealot  
  112  10:16  Probe x3  
  104  10:29  Zealot x3  
  104  10:33  Probe  
  79  10:42  Zealot x2  
  79  10:47  Zealot  
  73  10:54  Zealot x3  

Tags
 
Add a new tag
Caveats
  • Supply blocks, unpowered buildings, or Contaminate may cause inaccurate times.
  • Supply counts are checked every 10 seconds.